 Dungeon Crawl Stone Soup version 0.26-a0-576-gcfaa98f945 (webtiles) character file.

Game seed: 618013525625060220

3 Execuda the Ducker (level 1, 0/16 HPs)
             Began as a Minotaur Air Elementalist on Aug 22, 2020.
             Killed from afar by a dart slug (4 damage)
             ... with a slug dart
             ... on level 1 of the Dungeon.
             The game lasted 00:00:46 (68 turns).

Execuda the Ducker (Minotaur Air Elementalist)        Turns: 68, Time: 00:00:47

Health: 0/16       AC:  2    Str: 12    XL:     1   Next: 41%
Magic:  1/1        EV: 12    Int: 12    God:
Gold:   0          SH:  0    Dex: 10    Spells: 1/2 levels left

rFire    . . .     SeeInvis .   (no weapon)
rCold    . . .     Faith    .   (no shield)
rNeg     . . .     Spirit   .   a - +0 robe
rPois    .         Reflect  .   (helmet restricted)
rElec    .         Harm     .   (no cloak)
rCorr    .                      (no gloves)
MR       .....                  (no boots)
Stlth    ++........             (no amulet)
HPRegen  0.05/turn              (no ring)
MPRegen  0.07/turn              (no ring)

@: no status effects
A: retaliatory headbutt, horns 2
a: no special abilities


You were on level 1 of the Dungeon.
You visited 1 branch of the dungeon, and saw 1 of its levels.

Inventory:

Armour
 a - a +0 robe (worn)
Scrolls
 b - a scroll of identify {unknown}
Potions
 c - 2 potions of ambrosia {unknown}


   Skills:
 + Level 1.2 Fighting
 - Level 2.1 Dodging
 - Level 1.5 Stealth
 - Level 1.3 Spellcasting
 - Level 0.6 Conjurations
 - Level 2.1 Air Magic


You had one spell level left.
You knew the following spells:

 Your Spells              Type           Power        Failure   Level
a - Shock                 Conj/Air       #...         17%         1

Your spell library contained the following spells:

 Spells                   Type           Power        Failure   Level
 Swiftness                Air            #.......     19%         2
 Static Discharge         Conj/Air       #.......     45%         3
 Airstrike                Air            #.........   75%         4
 Lightning Bolt           Conj/Air       #.........   99%         5


Dungeon Overview and Level Annotations

Branches:
Dungeon (1/15)

Altars:


Innate Abilities, Weirdness & Mutations

You reflexively headbutt those who attack you in melee.
You have a pair of horns on your head.


Message History

You closely miss the kobold. The kobold barely misses you.
The dart slug launches a dart at you. The slug dart misses you.
You hit the kobold.
The kobold is heavily wounded.
The kobold closely misses you.
You hit the kobold. Your headbutt misses the kobold.
The kobold is severely wounded.
The bat misses you. You furiously retaliate!
You headbutt the bat.
You kill the bat!
The kobold closely misses you. You furiously retaliate!
You headbutt the kobold, but do no damage.
You barely miss the kobold.
The kobold is severely wounded.
The dart slug bites you. The kobold hits you with a +0 club.
* * * LOW HITPOINT WARNING * * *
You are too injured to fight recklessly!
The dart slug launches a dart at you. The slug dart hits you.
You die...

..........#. ...........#
...........#..#......
...........##.#......
#.).....##.#......
#...)...##......##
#...wK..#........#
#.......#........#
........#@#.†......#
###############.#........#
..(...........#.#........#
8.8.#+#'#.8.8.#.#........#
..8..#.<.#..8..#..........#
.8.8.#####.8.8.#.......>..#
...............#......#####
#...⌠...⌠...###..........#
#....8....## #..........#


You could see a dart slug and a kobold.

Vanquished Creatures
  A dart slug (D:1)
  A bat (D:1)
2 creatures vanquished.

Notes
Turn   | Place    | Note
-------+----------+-------------------------------------------
     0 | D:1      | Execuda the Minotaur Air Elementalist began the quest for
                  | the Orb.
     0 | D:1      | Reached XP level 1. HP: 14/14 MP: 1/1
    37 | D:1      | Reached skill level 1 in Fighting
    68 | D:1      | Killed from afar by a dart slug

Illustrated notes

Levels and vault maps discovered:
D:1:      ncdulo_halloftheorcs, layout_basic

Skill      XL: |  1 |
---------------+----+-----
Fighting       | 1 |  1.2
Dodging        | |  2.1
Stealth        | |  1.5
Spellcasting   | |  1.3
Conjurations   | |  0.6
Air Magic      | |  2.1

Action                   || total
-------------------------++-------
Melee: Unarmed           ||    14
 Cast: Shock             ||     1
Dodge: Dodged            ||    12

Table legend: (Time is in decaauts)
 A = Elapsed time spent in this place.
 B = Non-inter-level travel time spent in this place.
 C = Inter-level travel time spent in this place.
 D = Time resting spent in this place.
 E = Time spent auto-exploring this place.
 F = Levels seen in this place.
 G = Mean time per level.
                   A        B        C        D        E       F      G
               +--------+--------+--------+--------+--------+-----+--------+
         Total |     68 |     68 |      0 |      6 |     34 |   1 |   68.0 |
       Dungeon |     68 |     68 |      0 |      6 |     34 |   1 |   68.0 |
               +--------+--------+--------+--------+--------+-----+--------+

Top non-repeatable levels by time:
     D:1: 68 daAuts
